[Event "Early-Titled-Tuesday-Blitz-October-03-2023"]
[Site "Chess.com"]
[Date "2023.10.03"]
[Round "7"]
[White "LUISMIGUELOV"]
[Black "curradogianfigliazzi"]
[Result "0-1"]
[WhiteElo "2151"]
[BlackElo "2262"]
[TimeControl "180+1"]
[EndTime "9:21:07 PDT"]
[Termination "curradogianfigliazzi won on time"]

1. e4 c5 2. d4 cxd4 3. c3 dxc3 4. Nxc3 d6 5. Bc4 Nc6 6. Nf3 e6 7. Bf4 Be7 8. O-O e5 9. Be3 Nf6 10. Bg5 Be6 11. Qe2 O-O 12. Bxf6 Bxf6 13. Rfd1 a6 14. Nd5 b5 15. Bb3 Be7 16. Rac1 Rc8 17. a3 h6 18. h3 Kh8 19. Rc2 f5 20. Rcd2 fxe4 21. Qxe4 Bf5 22. Qe3 Bg5 23. Nxg5 Qxg5 24. Qxg5 hxg5 25. Ne3 Nd4 26. Bd5 Rc5 27. Bb7 a5 28. f3 Be6 29.
Be4 b4 30. axb4 axb4 31. Nc2 Nxc2 32. Rxc2 Rxc2 33. Bxc2 d5 34. Re1 Rc8 35. Bg6 e4 36. fxe4 d4 37. Rd1 Rd8 38. e5 Kg8 39. Kf2 Kf8 40. Kf3 Ke7 41. g4 Bd5+ 42. Ke2 Bb3 43. Rd2 Ke6 44. Bf5+ Kxe5 45. Kd3 Ba2 46. Re2+ Kf4 47.
Re7 Bb1+ 48. Kd2 Bxf5 49. gxf5 Kxf5 50. Rxg7 Kf4 51. Rb7 Kg3 52. Rh7 Ra8 53. Kd3 Ra2 54. b3 Rb2 55. Kxd4 Rxb3 56. Kc4 Rb1 57. Rh8 b3 58. Kc3 b2 59. Kc2 Rh1 60. Kxb2 Rxh3 61. Rc8 g4 62. Kc2 Kf2 63. Kd2 g3 64.
Rf8+ Kg1 65. Ke2 g2 66. Rg8 Rh5 67. Rg7 Re5+ 68. Kf3 Rf5+ 69. Kg3 Rh5 70. Rf7 Kh1 0-1

[Event "Early-Titled-Tuesday-Blitz-October-03-2023"]
[Site "Chess.com"]
[Date "2023.10.03"]
[Round "7"]
[White "baki83"]
[Black "Grischuk"]
[Result "0-1"]
[WhiteElo "2829"]
[BlackElo "3007"]
[TimeControl "180+1"]
[EndTime "9:21:17 PDT"]
[Termination "Grischuk won on time"]

1. e4 e5 2. Nf3 Nc6 3. Bb5 a6 4. Ba4 Bc5 5. O-O Nge7 6. c3 Ng6 7. d4 Ba7 8. Bg5 f6 9. Be3 O-O 10. Nbd2 d6 11. Re1 Kh8 12. h3 Bd7 13. Rc1 Qe8 14.
Bxc6 Bxc6 15. c4 a5 16. Qb3 a4 17. Qa3 exd4 18. Bxd4 Bxd4 19. Nxd4 b6 20. Qg3 Bb7 21. f4 Qf7 22. Kh2 Rfe8 23. Re3 Nf8 24. Rce1 Ne6 25. Nf5 Nc5 26. Qh4 Bc8 27. Ng3 Bd7 28. Nh5 Re7 29. Rg3 Rg8 30. e5 dxe5 31. fxe5 Rxe5 32. Rxe5 fxe5 33. Nf3 Be8 34. Rg5 Nd7 35. Nxe5 Nxe5 36. Rxe5 Qf8 37. Nf4 Bf7 38. Rf5 Qe8 39. Qg5 Rf8 40.
Re5 Qd8 41. Re7 Rg8 42. Nd5 Bxd5 43. cxd5 Qd6+ 44. Kh1 h6 45. Qe5 Qxe5 46. Rxe5 Rd8 47. Kg1 Kg8 48. Kf2 Kf7 49. Ke3 Kf6 50. Kd4 Rd6 51. Ke4 g6 52. Re8 c6 53. dxc6 Rxc6 54. Ra8 b5 55. b3 axb3 56. axb3 Rc3 57. h4 Rxb3 58. Ra6+ Kf7 59. Ra7+ Kf6 60. Ra6+ Kf7 61. Ra7+ Ke6 62. Ra6+ Kd7 63. Rxg6 Rb4+ 64. Kf3 Rxh4 65. Rb6 Rh5 66. g4 Kc7 67. Re6 Rh3+ 68. Kg2 Rd3 69. Rxh6 b4 70. Rh1 b3 71. Rb1 Kd6 72. g5 Kc5 73. g6 Kb4 74. Kf2 Rd7 75. Rg1 Rg7 76.
Ke3 b2 77. Kd2 Kb3 0-1

[Event "Early-Titled-Tuesday-Blitz-October-03-2023"]
[Site "Chess.com"]
[Date "2023.10.03"]
[Round "7"]
[White "FERNANDEZL1983"]
[Black "Shuvalov"]
[Result "1/2-1/2"]
[WhiteElo "2588"]
[BlackElo "2467"]
[TimeControl "180+1"]
[EndTime "9:21:19 PDT"]
[Termination "Game drawn - insufficient material"]

1. e4 e6 2. d4 d5 3. Nd2 c5 4.
Ngf3 Nc6 5. exd5 exd5 6. Bb5 Qe7+ 7. Qe2 Qxe2+ 8. Kxe2 a6 9. Bxc6+ bxc6 10. dxc5 Bxc5 11.
Nb3 Bd6 12. Re1 f6 13. Be3 Ne7 14. Bc5 Kd7 15. Bxd6 Kxd6 16. Kd2 c5 17. c3 Bg4 18.
Ng1 Rhe8 19. h3 Bd7 20. Ne2 Ng6 21. Na5 Rab8 22. Rab1 Bf5 23. b4 Bxb1 24. Rxb1 cxb4 25. cxb4 Ne5 26. Nd4 g6 27. a3 Rec8 28. Re1 Re8 29. Rc1 Rbc8 30. Nb7+ Ke7 31. Nc5 Nc4+ 32. Kd3 a5 33.
Nc2 Kf7 34. Nb3 axb4 35. axb4 Ne5+ 36. Kd2 Rc4 37. Na5 Rc7 38. Ne3 Rxc1 39. Kxc1 Nd3+ 40. Kd2 Nxb4 41. Nb3 Re4 42. f3 Re8 43. Nd4 Rc8 44. Nb5 Ke7 45. h4 h5 46. Nd4 Kd6 47. g4 Nc6 48. Ne2 Ne5 49. Nd4 Ra8 50. gxh5 gxh5 51.
Nef5+ Kc5 52. Ne6+ Kb4 53. f4 Nc6 54. Neg7 Ra2+ 55.
Kd3 Ra3+ 56. Kd2 Kc5 57. Nxh5 Nd4 58. Ne7 Ra2+ 59. Kd3 Ra3+ 60. Kd2 Rh3 61. Ng6 Nf5 62. Nxf6 Nxh4 63. Ne5 Nf3+ 64. Ke2 Nxe5 65. fxe5 Rh6 66. Ke3 d4+ 67. Ke4 Rh4+ 68. Kf5 d3 69. e6 d2 70. e7 Rh8 71. Ne4+ Kc6 72. Nxd2 Kd7 73. Kf6 Re8 74. Nc4 Rxe7 75. Ne5+ Ke8 76. Ng6 Ra7 77. Nf4 Ra6+ 78. Ke5 Kf7 79. Nd5 Ra5 80. Kd6 Ra1 81. Ke5 Rd1 82. Kd6 Kg6 83. Ke5 Kg5 84. Ne3 Re1 85. Ke4 Ra1 86. Nd5 Ra8 87. Kd4 Re8 88. Nc3 Kf4 89.
Nd5+ Kf5 90. Kc5 Rd8 91. Nb4 Ke5 92. Nc6+ Ke6 93. Nxd8+ 1/2-1/2

[Event "Early-Titled-Tuesday-Blitz-October-03-2023"]
[Site "Chess.com"]
[Date "2023.10.03"]
[Round "7"]
[White "GaiozNigalidze"]
[Black "TERMINATOR_PC"]
[Result "1/2-1/2"]
[WhiteElo "2752"]
[BlackElo "2617"]
[TimeControl "180+1"]
[EndTime "9:21:31 PDT"]
[Termination "Game drawn by repetition"]

1. d4 Nf6 2. c4 e6 3. Nf3 Bb4+ 4. Bd2 a5 5. e3 d6 6. Bd3 Nbd7 7. O-O Bxd2 8. Nbxd2 O-O 9. Qc2 e5 10. dxe5 Nxe5 11.
Be2 Bg4 12. Rfe1 Bxf3 13. Nxf3 Nfd7 14. Nd4 Nc5 15. Rad1 Re8 16. Nf5 g6 17. Nd4 a4 18.
Nb5 Nc6 19. Bf3 Ne5 20. Be2 h5 21. Rd4 Qe7 22. Nc3 c6 23. Red1 Red8 24. h3 Ne6 25. R4d2 Nc5 26. Kf1 Qe6 27. b4 axb3 28. axb3 Ra3 29.
b4 Nb3 30. Ne4 Nxd2+ 31. Qxd2 Nxc4 32. Qd4 Ne5 33. f4 Nd7 34. Nxd6 Nf6 35. Bc4 Qe7 36. Qe5 Qxe5 37. fxe5 Ne4 38. Bxf7+ Kg7 39. Ne8+ Kxf7 40. Rxd8 Rxe3 41. Nd6+ Nxd6 42. exd6 Rd3 43. Ke2 Rd5 44. Rd7+ Ke6 45. Rxb7 Kxd6 46. Rg7 g5 47. Ke3 h4 48. Kf3 Rb5 49. Kg4 Rxb4+ 50. Kxg5 Rb5+ 51. Kxh4 Rd5 52. g4 c5 53. Rg8 c4 54. Rd8+ Ke5 55. Rc8 Kd4 56.
g5 Rc5 57. Rd8+ Ke3 58. Rd1 c3 59. Re1+ Kd2 60. Ra1 c2 61. g6 Rb5 62. Rf1 Re5 63. Ra1 Rb5 64. g7 Rb1 65. Rxb1 cxb1=Q 66. g8=Q Qe4+ 67. Qg4 Qe1+ 68. Qg3 Qe4+ 69. Kh5 Qh7+ 70. Kg4 Qg6+ 71. Kh4 Qh6+ 72. Kg4 Qg6+ 73. Kf3 Qd3+ 74. Kg2 Qd5+ 75. Kh2 Qf7 76. h4 Ke2 77. Kg2 Qf1+ 78. Kh2 Qf7 79. Qg5 Kf2 80. Qg2+ Ke3 81. Qg3+ Ke2 1/2-1/2

[Event "Early-Titled-Tuesday-Blitz-October-03-2023"]
[Site "Chess.com"]
[Date "2023.10.03"]
[Round "7"]
[White "Rosh1610"]
[Black "GeorgiosSouleidis"]
[Result "1-0"]
[WhiteElo "2461"]
[BlackElo "2576"]
[TimeControl "180+1"]
[EndTime "9:21:31 PDT"]
[Termination "Rosh1610 won on time"]

1. e4 c5 2. Nf3 e6 3. d4 cxd4 4. Nxd4 Nf6 5. Nc3 Nc6 6. Nxc6 bxc6 7. e5 Nd5 8. Ne4 Qc7 9. f4 Qb6 10. Bd3 Nb4 11. Qf3 Nxd3+ 12. cxd3 Bb4+ 13. Nc3 Bc5 14. Ke2 Bd4 15. Re1 O-O 16. Kf1 f6 17. exf6 Bxf6 18. Ne4 Ba6 19. Nxf6+ Rxf6 20. b3 Qd4 21. Be3 Qxd3+ 22.
Kg1 Qd5 23. Qf2 e5 24. Rad1 Qf7 25. Bxa7 Rxf4 26. Qe3 d5 27. Bc5 e4 28. a4 Bd3 29. h3 Rf5 30. Bb6 h6 31. a5 Kh7 32.
b4 Bb5 33. Qd4 Qg6 34. Qe3 Raf8 35. Bc5 R8f7 36. Kh2 Ba6 37. Rd2 Bb5 38. Ra1 Ba6 39. Rda2 Qf6 40. Qd4 Qg6 41. Qe3 Qh5 42. Rg1 Qg6 43.
Rd2 Qe6 44. Qd4 Qc8 45. Qe3 Qb8+ 46. Kh1 Qe5 47. Rdd1 Qe6 48. Qd4 Qg6 49. Rde1 h5 50.
Qe3 R5f6 51. Kh2 Re6 52. Bd4 Re8 53. Rc1 Re6 54. Rc2 Bd3 55. Rc3 Bb5 56. Re1 Re8 57.
Ra1 Ra8 58. Rac1 Rff8 59. Kh1 Rf5 60. Kh2 Raf8 61. a6 Bxa6 62. Rxc6 R8f6 63. Bxf6 Rxf6 64. Rxf6 Qxf6 65. Rc5 Qe5+ 66. Kh1 Bd3 67. b5 Qf5 68. b6 Qf1+ 69. Kh2 Qb1 70. Rxd5 Qb4 71. Rxh5+ Kg6 72.
Qc5 Kf7 73. Qxb4 Kg6 74. Qd4 Kxh5 75. b7 1-0

[Event "Early-Titled-Tuesday-Blitz-October-03-2023"]
[Site "Chess.com"]
[Date "2023.10.03"]
[Round "7"]
[White "TatjanaVasilevich"]
[Black "Kotofeyca"]
[Result "0-1"]
[WhiteElo "2561"]
[BlackElo "2407"]
[TimeControl "180+1"]
[EndTime "9:21:35 PDT"]
[Termination "Kotofeyca won on time"]

1. e4 c5 2. Nf3 d6 3. d4 cxd4 4. Qxd4 a6 5. c4 Nc6 6. Qd1 Nf6 7. Nc3 Bg4 8. Be2 Rc8 9. O-O Bxf3 10. Bxf3 Ne5 11.
b3 Qa5 12. Bb2 Nxf3+ 13. Qxf3 Qh5 14. Qxh5 Nxh5 15. Ne2 e6 16. g4 Nf6 17. f3 Be7 18. Rfd1 O-O 19. Rd2 Rfd8 20. Rad1 Nd7 21. e5 Nxe5 22.
Bxe5 dxe5 23. Rd7 Kf8 24. Nc3 Rxd7 25. Rxd7 b5 26. cxb5 Rxc3 27. bxa6 Rc1+ 28. Kg2 Rc2+ 29. Kg3 Rxa2 30. Rb7 Bc5 31. g5 Rxa6 32. Rb8+ Ke7 33. Rb7+ Ke8 34. Rb8+ Kd7 35. Rb7+ Kd6 36. Rxf7 Ra7 37.
Rf8 Kd7 38. Rh8 Ke7 39. Rxh7 Kf7 40. Rh8 Rb7 41. Rc8 Bd4 42. h4 Rxb3 43. h5 e4 44. Rc7+ Kf8 45. Rc4 Rxf3+ 46. Kg4 Rd3 47. Kf4 e3 48. Kf3 Rd2 49. Rc1 e2 50. Re1 Ke7 51.
Rxe2 Rxe2 52. Kxe2 Bb2 53. Kf3 Bc1 54. Kg4 Kf7 55.
Kh4 Kg8 56. Kg4 Kh7 57. Kh4 Kg8 58. Kg4 Kf7 59. Kh4 Ke7 60. Kg4 Kd6 61. Kh4 Ke5 62. Kg4 Bd2 63. h6 gxh6 64. g6 Kf6 65. Kh5 Kg7 66.
Kg4 Kxg6 67. Kf3 Kf5 68. Ke2 Bf4 69. Kd3 e5 70. Kc4 e4 71. Kc3 e3 72. Kd3 Kg4 73. Ke2 Kg3 74. Ke1 Kf3 75. Kf1 e2+ 76.
Ke1 Bg3+ 77. Kd2 e1=Q+ 0-1

[Event "Early-Titled-Tuesday-Blitz-October-03-2023"]
[Site "Chess.com"]
[Date "2023.10.03"]
[Round "7"]
[White "DenLaz"]
[Black "JimDiGrease"]
[Result "0-1"]
[WhiteElo "3060"]
[BlackElo "2937"]
[TimeControl "180+1"]
[EndTime "9:21:40 PDT"]
[Termination "JimDiGrease won by resignation"]

1. d4 d5 2. c4 e6 3. Nf3 Nf6 4. g3 dxc4 5. Bg2 Bb4+ 6. Bd2 c5 7. Bxb4 cxb4 8. Ne5 O-O 9. a3 Nd5 10. O-O a5 11. Nxc4 Nc6 12. axb4 Ndxb4 13. e3 b6 14. Ne5 Nxe5 15. Bxa8 Ba6 16. Bg2 Bxf1 17. Bxf1 Nec6 18. Nc3 Qd7 19. Rc1 h6 20. Qf3 Rc8 21.
Na4 Qd8 22. Kg2 e5 23. Bc4 Rc7 24. d5 Nb8 25. d6 Qxd6 26. Rd1 Qf6 27. Qxf6 gxf6 28.
Nxb6 Kg7 29. b3 N8c6 30. Rd6 Ne7 31. Rd7 Rxd7 32. Nxd7 Nf5 33. Nc5 Nd6 34. Be2 Nd5 35.
Bf3 Nc3 36. Kf1 f5 37. Ke1 e4 38. Be2 Kf6 39. Bf1 Ke5 40. Kd2 Nd5 41. Be2 Nb4 42.
Na4 Nc6 43. Kc3 Kd5 44. Kd2 Ke5 45. Nb2 Kd5 46. Bf1 Kc5 47. h3 Kb4 48. Kc2 Ka3 49. Nc4+ Nxc4 50. Bxc4 f6 51. Be6 Nb4+ 52. Kc3 Nd3 53.
Bxf5 Nxf2 54. h4 Nh1 55. Bxe4 Nxg3 56. Bd3 Nh1 57. Bf5 Nf2 58. Bc2 Ng4 59. Kd4 Kb2 60. Bd1 Nf2 61. Bh5 Kxb3 62. Bf7+ Kb4 63. e4 Ng4 64. Kd5 a4 65. Ke6 Ne5 66. Bg8 a3 67.
Kxf6 Nc4 68. e5 a2 69. Bxc4 a1=Q 70. Be6 Kc5 71. Bf7 Qf1+ 72. Ke7 Kc6 73. e6 Qf4 74. Kf8 Qb8+ 75. Ke7 Qe5 76. Be8+ Kc7 77. Bf7 Qf4 78. Kf8 Qd6+ 79. Kg7 Qe7 80. h5 Qg5+ 81. Kf8 Kd6 82. Bg6 Kxe6 0-1

[Event "Early-Titled-Tuesday-Blitz-October-03-2023"]
[Site "Chess.com"]
[Date "2023.10.03"]
[Round "7"]
[White "Defenstrator"]
[Black "Kgutierrez95"]
[Result "1-0"]
[WhiteElo "2469"]
[BlackElo "2240"]
[TimeControl "180+1"]
[EndTime "9:21:46 PDT"]
[Termination "Defenstrator won on time"]

1. e4 c6 2. d4 d5 3. Nd2 dxe4 4. Nxe4 Bf5 5. Qf3 Bxe4 6. Qxe4 Nf6 7. Qh4 e6 8. Nf3 Nbd7 9. Bd3 Qb6 10. O-O h6 11. a4 Bd6 12. a5 Qc7 13. c4 O-O-O 14. c5 Be7 15. Bf4 g5 16. Bxc7 gxh4 17. Bxd8 Bxd8 18. Nxh4 Nd5 19. Nf3 Rg8 20. g3 Bf6 21. Be4 h5 22. Bxd5 exd5 23. b4 h4 24. Rfc1 hxg3 25.
hxg3 Rg4 26. a6 Bxd4 27. axb7+ Kxb7 28. Nxd4 Rxd4 29. b5 Nb8 30. bxc6+ Nxc6 31. Rcb1+ Kc7 32. Rd1 Rc4 33. Rxd5 a5 34. Rf5 Kc8 35. Rxf7 Rxc5 36. g4 Rc4 37. f3 a4 38. g5 Ne5 39. Rf6 Rc3 40. g6 Nxf3+ 41. Kf2 Ne5 42. Rf4 Rc2+ 43. Ke3 Nxg6 44. Rfxa4 Ne7 45. Kd3 Rg2 46. Ra8+ Kd7 47.
R8a7+ Ke6 48. Re1+ Kd6 49. Raxe7 Rg3+ 50. Kc2 Rg2+ 51.
R1e2 Rg6 52. R7e3 Rh6 53. Rd3+ Kc6 54. Re4 Rg6 55. Rc4+ Kb5 56. Kc3 Rh6 57. Rd5+ Kb6 58. Kb4 Rg6 59. Rb5+ Ka6 60. Rbc5 Kb6 61. Rd5 Rh6 62.
Kc3 Rh2 63. Rd3 Rh6 64. Kd4 Ka6 65. Ra3+ Kb5 66. Rb3+ Ka5 67. Rc1 Rh4+ 68. Kc3 1-0

[Event "Early-Titled-Tuesday-Blitz-October-03-2023"]
[Site "Chess.com"]
[Date "2023.10.03"]
[Round "7"]
[White "Hrant_ChessMood"]
[Black "Firouzja2003"]
[Result "1/2-1/2"]
[WhiteElo "2938"]
[BlackElo "3119"]
[TimeControl "180+1"]
[EndTime "9:22:04 PDT"]
[Termination "Game drawn - insufficient material"]

1. d4 Nf6 2. Nf3 g6 3. Nbd2 Bg7 4. e4 d6 5. Bd3 O-O 6. O-O Nc6 7. c3 a5 8. Re1 e5 9. h3 Nh5 10. dxe5 dxe5 11.
Nc4 h6 12. Bf1 Qe7 13. Ne3 Rd8 14. Nd5 Qd6 15. Qc2 Ne7 16. Rd1 Nxd5 17. Rxd5 Qe7 18. Rxd8+ Qxd8 19. Be3 Be6 20. Nd2 Nf4 21. Bc4 Qc8 22.
Bxf4 exf4 23. a4 Bxc4 24. Nxc4 Qe6 25. Qd3 f3 26. g3 Qxh3 27. Qxf3 Qe6 28. Qd3 h5 29.
Qd5 Qxd5 30. exd5 Bf8 31. Re1 b6 32. Kg2 Rd8 33. Rd1 Re8 34. Kf3 Rd8 35. Rd3 Kg7 36.
Ne5 Bd6 37. Nc6 Rh8 38. b4 h4 39. gxh4 Rxh4 40. bxa5 Rf4+ 41. Kg2 Rxa4 42. axb6 cxb6 43. Nd4 Ra5 44. c4 Rc5 45. Nb5 Be7 46. Rd4 Bf6 47. Re4 Kf8 48. d6 Rc8 49. Kf3 Rd8 50. Ke2 Bg5 51. f4 Bh4 52. Kf3 f5 53. Re2 Kf7 54.
Rh2 Bf6 55. Rh7+ Ke6 56. Rb7 Rc8 57. Rxb6 Rxc4 58. d7+ Kxd7 59. Rxf6 Rb4 60. Na7 Rb3+ 61. Ke2 Rb2+ 62. Kd3 Rb3+ 63. Ke2 Rb2+ 64. Kf3 Rb3+ 65. Kg2 Rb2+ 66. Kg3 Rb3+ 67. Kh4 Rf3 68. Kg5 Rg3+ 69. Kh6 Rg4 70. Nc6 Rxf4 71. Ne5+ Ke7 72. Kxg6 Rf1 73.
Ra6 f4 74. Kf5 f3 75. Re6+ Kd8 76. Rd6+ Kc7 77. Rd3 f2 78. Rd2 Kb6 79. Nf3 Kc5 80.
Kf4 Kc4 81. Re2 Kd3 82. Rd2+ Kc3 83. Ke3 Rh1 84. Kxf2 Rh8 85. Rd7 Re8 86. Ng5 Rf8+ 87. Ke3 Re8+ 88. Ne4+ Kc4 89. Rd4+ Kb5 90. Kd3 Rh8 91.
Rd5+ Kb4 92. Rg5 Rd8+ 93. Ke3 Kc4 94. Rc5+ Kb4 95. Rc7 Rd1 96. Nf2 Rd8 97. Ke4 Kb5 98. Nd3 Re8+ 99. Kd4 Rd8+ 100. Kc3 Kb6 101. Rc4 Kb5 102. Rd4 Rxd4 103. Kxd4 1/2-1/2

[Event "Early-Titled-Tuesday-Blitz-October-03-2023"]
[Site "Chess.com"]
[Date "2023.10.03"]
[Round "8"]
[White "TERMINATOR_PC"]
[Black "Byniolus"]
[Result "0-1"]
[WhiteElo "2612"]
[BlackElo "2744"]
[TimeControl "180+1"]
[EndTime "9:24:14 PDT"]
[Termination "Byniolus won by resignation"]

1. e4 d6 2. d4 Nf6 3. Nc3 c6 4.
f4 Qb6 5. Nf3 Bg4 6. Be2 Bxf3 7.
Bxf3 e5 8. fxe5 dxe5 9. dxe5 Nfd7 10. e6 fxe6 11. Bg4 Na6 12. Bxe6 O-O-O 13. Bg5 Qxb2 14.
Ne2 Bb4+ 15. c3 Bxc3+ 0-1

[Event "Early-Titled-Tuesday-Blitz-October-03-2023"]
[Site "Chess.com"]
[Date "2023.10.03"]
[Round "8"]
[White "Flaccidmoves"]
[Black "Yushko_Olga"]
[Result "1-0"]
[WhiteElo "2462"]
[BlackElo "2103"]
[TimeControl "180+1"]
[EndTime "9:25:24 PDT"]
[Termination "Flaccidmoves won by resignation"]

1. Nf3 e6 2. g3 f5 3. Bg2 Nf6 4. O-O Be7 5. d4 O-O 6. c4 d6 7.
Nc3 Qe8 8. b3 Nc6 9. Bb2 Kh8 10.
Rc1 Bd7 11. d5 Nd8 12. dxe6 Nxe6 13. Nd5 Nxd5 14. cxd5 Nc5 15. b4 Na6 16. a3 c6 17.
Nd4 cxd5 18. Bxd5 Bf6 19. Bxb7 Bb5 20. Bxa8 Bxd4 21. Qxd4 Qe7 22. Bd5 1-0

[Event "Early-Titled-Tuesday-Blitz-October-03-2023"]
[Site "Chess.com"]
[Date "2023.10.03"]
[Round "8"]
[White "Casper"]
[Black "Djager97"]
[Result "1-0"]
[WhiteElo "2424"]
[BlackElo "2565"]
[TimeControl "180+1"]
[EndTime "9:25:29 PDT"]
[Termination "Casper won by resignation"]

1. e4 e5 2. d4 exd4 3. Qxd4 Nc6 4. Qe3 Nf6 5. Nc3 Bb4 6. Bd2 O-O 7. O-O-O Re8 8.
Qf4 Bxc3 9. Bxc3 Nxe4 10. Bc4 Qe7 11. Re1 d6 12. Rxe4 Qxe4 13. Qxf7+ 1-0

[Event "Early-Titled-Tuesday-Blitz-October-03-2023"]
[Site "Chess.com"]
[Date "2023.10.03"]
[Round "8"]
[White "Mysterio47"]
[Black "Lady_Nika"]
[Result "1-0"]
[WhiteElo "2714"]
[BlackElo "2534"]
[TimeControl "180+1"]
[EndTime "9:25:38 PDT"]
[Termination "Mysterio47 won by resignation"]

1. e4 e6 2. d4 d5 3. Nc3 Nf6 4.
e5 Nfd7 5. f4 c5 6. Nf3 Nc6 7.
Be3 cxd4 8. Nxd4 a6 9. Qd2 Bc5 10. O-O-O Nxd4 11. Bxd4 b5 12. h4 Qc7 13. h5 Bb7 14. Kb1 O-O-O 15. g4 Bxd4 16. Qxd4 Qc5 17. Ne2 Qxd4 18. Nxd4 Nc5 19. Bg2 Ne4 20. Rhf1 g6 21. h6 Rhe8 22. c3 Rd7 23. Kc2 Rc7 24. a3 Rc5 25. Nb3 Rc7 26. Na5 Ba8 27. Rd4 Rf8 28. g5 Kb8 29. a4 Ka7 30. axb5 axb5 31. Ra1 Kb6 32. Nb3 Rfc8 33. Bf1 Rc5 34. Nxc5 Rxc5 35. Rxa8 1-0

[Event "Early-Titled-Tuesday-Blitz-October-03-2023"]
[Site "Chess.com"]
[Date "2023.10.03"]
[Round "8"]
[White "aistrel"]
[Black "vladoboch"]
[Result "0-1"]
[WhiteElo "2543"]
[BlackElo "2414"]
[TimeControl "180+1"]
[EndTime "9:25:48 PDT"]
[Termination "vladoboch won by checkmate"]

1. f3 d5 2. g3 e5 3. Nh3 Nc6 4. Nf2 Nf6 5. Bg2 Bc5 6. O-O h5 7. h3 e4 8. f4 Ne7 9. d4 Bd6 10. e3 Nf5 11. c4 Nxg3 12. c5 Nxf1 13. cxd6 Ng3 14. dxc7 Qxc7 15. Bd2 Bd7 16. Nc3 Rh6 17. Rc1 Rc8 18. Nxd5 Qxc1 19. Nxf6+ Rxf6 20. Bxc1 Rxc1 21. Kh2 Rxd1 22. Nxd1 Nf5 23. Nc3 Nxe3 24. Bxe4 Rxf4 25. Bxb7 Rh4 26. d5 Rxh3+ 27. Kg1 Rf3 28. d6 Rf1+ 29. Kh2 h4 30. Ne4 f5 31. Nc5 Ng4+ 32. Kg2 Rf2+ 33. Kg1 h3 34. Ba6 h2+ 35. Kh1 Bc6+ 36. Ne4 Bxe4# 0-1

[Event "Early-Titled-Tuesday-Blitz-October-03-2023"]
[Site "Chess.com"]
[Date "2023.10.03"]
[Round "8"]
[White "spotbet"]
[Black "kingapolak"]
[Result "0-1"]
[WhiteElo "2414"]
[BlackElo "1783"]
[TimeControl "180+1"]
[EndTime "9:26:14 PDT"]
[Termination "kingapolak won by resignation"]

1. d4 d5 2. Nc3 Nf6 3. Bf4 c6 4.
f3 Nh5 5. Bd2 g6 6. e4 dxe4 7. Nxe4 Bg7 8. c3 O-O 9. Bd3 e5 10. Ne2 exd4 11. cxd4 Nd7 12. O-O Nb6 13. Bc3 Nd5 14. Qd2 Qc7 15. N2g3 Nhf4 16. Bc4 h5 17. Bb4 Re8 18. Bd6 Qd8 19. Bxf4 Nxf4 20. Bxf7+ Kxf7 21. Qxf4+ Kg8 22. Nd6 Rf8 0-1

[Event "Early-Titled-Tuesday-Blitz-October-03-2023"]
[Site "Chess.com"]
[Date "2023.10.03"]
[Round "8"]
[White "Darko-Dimitrijevic"]
[Black "verrbaa"]
[Result "0-1"]
[WhiteElo "2230"]
[BlackElo "2466"]
[TimeControl "180+1"]
[EndTime "9:26:15 PDT"]
[Termination "verrbaa won by resignation"]

1. c4 Nf6 2. g3 g6 3. b3 Bg7 4. Bb2 O-O 5. Bg2 c5 6. e3 Nc6 7. Ne2 e5 8. d3 d6 9. Nbc3 Be6 10.
O-O d5 11. cxd5 Nxd5 12. a3 Rc8 13. Rc1 b6 14. Ne4 f5 15. N4c3 Nde7 16. Rc2 Bxb3 17. Qd2 Bxc2 18. Qxc2 Qd7 19. Rd1 Rfd8 20. Nc1 Kh8 21.
N3e2 Na5 22. Nb3 Nxb3 23. Qxb3 c4 0-1

[Event "Early-Titled-Tuesday-Blitz-October-03-2023"]
[Site "Chess.com"]
[Date "2023.10.03"]
[Round "8"]
[White "NMJeevanK"]
[Black "RETURNOFTHELAGGER"]
[Result "1-0"]
[WhiteElo "2541"]
[BlackElo "2650"]
[TimeControl "180+1"]
[EndTime "9:26:27 PDT"]
[Termination "NMJeevanK won by resignation"]

1. e4 c5 2. Nf3 d6 3. c3 Nf6 4.
Bd3 g6 5. O-O Bg7 6. Re1 O-O 7. Bc2 Nc6 8. a3 a5 9. d4 cxd4 10. cxd4 Bg4 11. Be3 Rc8 12. Nc3 Nd7 13.
Rc1 Nb6 14. Qd3 Bxf3 15. gxf3 d5 16. e5 Nc4 17. Nd1 Nxb2 18. Nxb2 1-0

[Event "Early-Titled-Tuesday-Blitz-October-03-2023"]
[Site "Chess.com"]
[Date "2023.10.03"]
[Round "8"]
[White "FREDERICKtheMATE"]
[Black "Rosh1610"]
[Result "1-0"]
[WhiteElo "2600"]
[BlackElo "2456"]
[TimeControl "180+1"]
[EndTime "9:26:29 PDT"]
[Termination "FREDERICKtheMATE won by resignation"]

1. Nf3 d5 2. d4 Nf6 3. c4 c6 4. e3 g6 5. Nc3 Bg7 6. b3 O-O 7. Bd3 dxc4 8. bxc4 c5 9. O-O cxd4 10. exd4 Nc6 11. Be3 e6 12. Rc1 Ng4 13. Be4 Nxe3 14. fxe3 Bd7 15. Qb3 Na5 16. Qb4 Rc8 17. c5 Bc6 18. Bxc6 bxc6 19. Rb1 Qc7 20. Ne4 Rb8 21. Qa4 Rxb1 22. Rxb1 Rd8 23. Nd6 Bf8 24. Ne4 Be7 25.
Ne5 f6 26. Nd3 Kf7 27. Nb4 Rc8 28. Na6 Qd8 29. Rf1 Kg7 30. Nd2 Nb7 31. Qb3 Qd7 32. Rb1 Nd8 33. Nc4 Nf7 34. Qb7 Qd8 35. Qxa7 Ra8 36.
Qb7 Rc8 37. Nb6 Qd5 38. Nxd5 1-0

[Event "Early-Titled-Tuesday-Blitz-October-03-2023"]
[Site "Chess.com"]
[Date "2023.10.03"]
[Round "8"]
[White "NovozhilovSemen"]
[Black "LeoWin2012"]
[Result "1-0"]
[WhiteElo "2599"]
[BlackElo "2329"]
[TimeControl "180+1"]
[EndTime "9:26:34 PDT"]
[Termination "NovozhilovSemen won by checkmate"]

1. d4 Nf6 2. Nf3 g6 3. Nc3 d5 4. Bf4 Bg7 5. Nb5 Na6 6. e3 c6 7.
Nc3 Nc7 8. Be2 O-O 9. Ne5 Bf5 10. g4 Be4 11. f3 g5 12. Bxg5 Bg6 13. h4 h6 14. Bf4 Ne6 15. g5 Nxf4 16. exf4 Nh5 17. Qd2 Ng3 18. Rg1 Nf5 19. h5 Bxh5 20. gxh6 Nxh6 21.
f5 Nxf5 22. Qg5 Bg6 23. Nxg6 fxg6 24. Qxg6 Qd6 25. Qg4 Qf6 26. O-O-O Ne3 27. Qh5 Nxd1 28. Bd3 Qf4+ 29. Kb1 Qxd4 30. Bh7+ Kh8 31. Bg6+ Kg8 32. Qh7# 1-0

[Event "Early-Titled-Tuesday-Blitz-October-03-2023"]
[Site "Chess.com"]
[Date "2023.10.03"]
[Round "8"]
[White "Rutricks"]
[Black "kleinebeer98"]
[Result "1/2-1/2"]
[WhiteElo "2688"]
[BlackElo "2818"]
[TimeControl "180+1"]
[EndTime "9:26:41 PDT"]
[Termination "Game drawn by repetition"]

1. Nf3 Nc6 2. d4 Nf6 3. Nc3 e6 4. e4 Bb4 5. Bd3 h6 6. O-O g5 7. d5 g4 8. dxc6 gxf3 9. cxd7+ Bxd7 10. Qxf3 Bxc3 11. bxc3 Bc6 12. Ba3 Rg8 13. Rad1 Ng4 14. Qf4 Qh4 15. Qxc7 Rd8 16. h3 Rd7 17. Qb8+ Rd8 18.
Qc7 Rd7 19. Qb8+ Rd8 20. Qc7 1/2-1/2

[Event "Early-Titled-Tuesday-Blitz-October-03-2023"]
[Site "Chess.com"]
[Date "2023.10.03"]
[Round "8"]
[White "VovenRogel"]
[Black "dropstoneDP"]
[Result "1/2-1/2"]
[WhiteElo "2868"]
[BlackElo "3106"]
[TimeControl "180+1"]
[EndTime "9:26:48 PDT"]
[Termination "Game drawn by agreement"]

1. d4 Nf6 2. c4 e6 3. Nf3 d5 4. Nc3 Be7 5. Bg5 h6 6. Bh4 Ne4 7. Bxe7 Qxe7 8. Qc2 Nxc3 9. Qxc3 dxc4 10. Qxc4 O-O 11.
g3 b6 12. Bg2 Bb7 13. O-O Rc8 14. Rfd1 Nd7 15. Rac1 c5 16. dxc5 Nxc5 17. Qf4 Rd8 18. Ne5 Bxg2 19. Kxg2 Qb7+ 20. Qf3 Qxf3+ 21. Kxf3 Rxd1 22.
Rxd1 a5 23. Rd6 Na4 24. Nd3 Rc8 25. b3 Nc3 26. Rxb6 Nxa2 27. Ra6 Nc1 28. Nxc1 Rxc1 29.
Rxa5 Rc3+ 30. e3 Rxb3 31. h4 1/2-1/2

[Event "Early-Titled-Tuesday-Blitz-October-03-2023"]
[Site "Chess.com"]
[Date "2023.10.03"]
[Round "8"]
[White "Let_it_be_1"]
[Black "Iball95"]
[Result "0-1"]
[WhiteElo "2622"]
[BlackElo "2770"]
[TimeControl "180+1"]
[EndTime "9:26:48 PDT"]
[Termination "Iball95 won by resignation"]

1. e4 c5 2. Nf3 e6 3. d4 cxd4 4. Nxd4 Nf6 5. Nc3 Nc6 6. Ndb5 Bc5 7. Nd6+ Ke7 8. Bf4 e5 9. Nf5+ Kf8 10. Bg5 Bb4 11.
Ne3 Qa5 12. Nc4 Qc5 13. Be3 Qe7 14. Qd3 Bxc3+ 15. bxc3 d6 16. Nxd6 Kg8 17. O-O-O Be6 18. Nf5 Qa3+ 19. Kd2 Bxf5 20. Ke2 Bxe4 0-1

[Event "Early-Titled-Tuesday-Blitz-October-03-2023"]
[Site "Chess.com"]
[Date "2023.10.03"]
[Round "8"]
[White "Markov_Mikhail"]
[Black "K_A_S_T_O_R"]
[Result "1-0"]
[WhiteElo "2733"]
[BlackElo "2879"]
[TimeControl "180+1"]
[EndTime "9:27:00 PDT"]
[Termination "Markov_Mikhail won by resignation"]

1. c4 c5 2. Nf3 Nf6 3. g3 b6 4. Bg2 Bb7 5. O-O e6 6. Nc3 a6 7. d4 cxd4 8. Qxd4 d6 9. Rd1 Nbd7 10. Bg5 Be7 11. Qd2 Rc8 12. Bf4 e5 13. Bg5 Bxf3 14.
Bxf3 Rxc4 15. Qd3 b5 16. a4 e4 17. Nxe4 Nxe4 18. Bxe7 Qxe7 19. axb5 d5 20. Qxd5 Nb6 21. Bxe4 Rxe4 22. Qc6+ Nd7 23. Rxd7 Qxd7 24. Qxe4+ 1-0